PAA
WESTWOOD SIXSHOOTERS @ FT. POLK SOUTH THUNDER HAWKS
08/17/2042
 
TOP OF THE 1ST
Westwood Sixshooters batting - Pitching for Ft. Polk South Thunder Hawks : LHP Lucas van Halteren
Pitching: LHP Lucas van Halteren
Batting: RHB Edmond Hallewell 0-0: Ball
1-0: Ball
2-0: Foul Ball, location: 2F
2-1: Ball
3-1: Foul Ball, location: 2F
3-2: Strikes out swinging
Batting: RHB John Siddall 0-0: SINGLE (Flyball, 7S, EV 86.9 MPH)
Batting: LHB Luis Benítez 0-0: Ball
1-0: Called Strike
1-1: Ball
2-1: Foul Ball, location: 2F
2-2: Foul Ball, location: 2F
2-2: Ball
3-2: SINGLE (Line Drive, 8LS, EV 105.6 MPH)
John Siddall to second
Batting: RHB Illarion Podmarkov 0-0: Called Strike
0-1: Swinging Strike
0-2: Ball
1-2: Reached on error, E9 (Flyball, 9, EV 84.4 MPH)
John Siddall to third
Luis Benítez to second
Batting: LHB Rick Kirkham 0-0: Ball
1-0: Called Strike
1-1: Ball
2-1: SINGLE (Line Drive, 34D, EV 105.0 MPH)
John Siddall scores
Luis Benítez to third
Illarion Podmarkov to second
Batting: LHB Derek Kelly 0-0: Foul Ball, location: 2F
0-1: Swinging Strike
0-2: Foul Ball, location: 2F
0-2: Foul Ball, location: 2F
0-2: Strikes out swinging
Batting: RHB Eric Landry 0-0: Ball
1-0: Ball
2-0: Ground out 4-3 (Groundball, 34, EV 99.4 MPH)
Top of the 1st over - 1 run, 3 hits, 1 error, 3 left on base; Westwood 1 - Ft. Polk South 0
BOTTOM OF THE 1ST
Ft. Polk South Thunder Hawks batting - Pitching for Westwood Sixshooters : RHP José Arellano
Pitching: RHP José Arellano
Batting: LHB Remco Mastenbroek 0-0: Ball
1-0: Called Strike
1-1: Foul Ball, location: 2F
1-2: Foul Ball, location: 2F
1-2: Foul Ball, location: 2F
1-2: Ground out 1-3 (Groundball, 34S, EV 65.6 MPH)
Batting: LHB Gabriel Obregón 0-0: SINGLE (Groundball, 6MD, EV 108.1 MPH)
Batting: LHB Jorge Agramunt 0-0: Swinging Strike
0-1: Ball
1-1: Foul Ball, location: 2F
1-2: Ball
2-2: SINGLE (Line Drive, 78M, EV 104.4 MPH)
Gabriel Obregón to second
Batting: RHB Aubrey Miller 0-0: Ball
1-0: Ball
2-0: Ball
3-0: Called Strike
3-1: Base on Balls
Gabriel Obregón to third
Jorge Agramunt to second
Batting: LHB Tim Carson 0-0: Ball
1-0: Called Strike
1-1: Ball
2-1: Ball
3-1: SINGLE (Groundball, 4MD, EV 105.0 MPH)
Gabriel Obregón scores
Jorge Agramunt to third
Aubrey Miller to second
Runner from 3rd tries for Home, SAFE, throw by CF to home
Pitching: LHP Joop Els
Batting: SHB Francisco Daulong 0-0: Called Strike
0-1: Ball
1-1: Ball
2-1: Fly out, F7 (Flyball, 78D, EV 100.0 MPH)
Batting: RHB Dermott Mann 0-0: Called Strike
0-1: Foul Ball, location: 2F
0-2: Foul Ball, location: 2F
0-2: Foul Ball, location: 2F
0-2: Foul Ball, location: 2F
0-2: 3-RUN HOME RUN (Flyball, 7D, EV 101.2 MPH), Distance : 350 ft
Batting: RHB Tora Tora 0-0: Called Strike
0-1: Ball
1-1: Ball
2-1: Fly out, F8 (Flyball, 89D, EV 86.9 MPH)
Bottom of the 1st over - 5 runs, 4 hits, 0 errors, 0 left on base; Westwood 1 - Ft. Polk South 5
TOP OF THE 2ND
Westwood Sixshooters batting - Pitching for Ft. Polk South Thunder Hawks : LHP Lucas van Halteren
Batting: RHB José Flores 0-0: Ground out 4-3 (Groundball, 4S, EV 70.0 MPH)
Batting: RHB Sterling Massingham 0-0: Ball
1-0: Ball
2-0: Fly out, F4 (Popup, 3S, EV 88.1 MPH)
Batting: RHB Edmond Hallewell 0-0: Ball
1-0: Ball
2-0: Called Strike
2-1: Foul Ball, location: 2F
2-2: SINGLE (Groundball, 4MD, EV 98.8 MPH)
Batting: RHB John Siddall 0-0: Called Strike
0-1: Called Strike
0-2: Ball
Edmond Hallewell steals 2nd base
1-2: Strikes out swinging
Top of the 2nd over - 0 runs, 1 hit, 0 errors, 1 left on base; Westwood 1 - Ft. Polk South 5
BOTTOM OF THE 2ND
Ft. Polk South Thunder Hawks batting - Pitching for Westwood Sixshooters : LHP Joop Els
Batting: RHB Raúl Colomo 0-0: Foul Ball, location: 2F
0-1: Called Strike
0-2: Fly out, F8 (Line Drive, 8LD, EV 93.1 MPH)
Batting: LHB Remco Mastenbroek 0-0: Ball
1-0: Ball
2-0: Foul Ball, location: 2F
2-1: Foul Ball, location: 2F
2-2: Foul Ball, location: 2F
2-2: SINGLE (Groundball, 34S, EV 70.6 MPH) (infield hit)
Batting: LHB Gabriel Obregón 0-0: Fielders Choice at 2nd, 3-6 (Groundball, 34S, EV 81.2 MPH)
Batting: LHB Jorge Agramunt 0-0: Called Strike
0-1: Ball
1-1: Ball
2-1: Called Strike
2-2: Strikes out swinging
Bottom of the 2nd over - 0 runs, 1 hit, 0 errors, 1 left on base; Westwood 1 - Ft. Polk South 5
TOP OF THE 3RD
Westwood Sixshooters batting - Pitching for Ft. Polk South Thunder Hawks : LHP Lucas van Halteren
Batting: LHB Luis Benítez 0-0: Ball
1-0: Ball
2-0: Foul Ball, location: 2F
2-1: Ground out 4-3 (Groundball, 4, EV 105.6 MPH)
Batting: RHB Illarion Podmarkov 0-0: Ball
1-0: Ground out 5-3 (Groundball, 56, EV 86.9 MPH)
Batting: LHB Rick Kirkham 0-0: Foul Ball, location: 2F
0-1: Swinging Strike
0-2: Ground out 6-3 (Groundball, 6M, EV 83.8 MPH)
Top of the 3rd over - 0 runs, 0 hits, 0 errors, 0 left on base; Westwood 1 - Ft. Polk South 5
BOTTOM OF THE 3RD
Ft. Polk South Thunder Hawks batting - Pitching for Westwood Sixshooters : LHP Joop Els
Batting: RHB Aubrey Miller 0-0: Ball
1-0: Called Strike
1-1: Ground out U3 (Groundball, 3L, EV 103.8 MPH)
Batting: LHB Tim Carson 0-0: Called Strike
0-1: Ball
1-1: Called Strike
1-2: Ball
2-2: Strikes out looking
Batting: SHB Francisco Daulong 0-0: Foul Ball, location: 2F
0-1: Foul Ball, location: 2F
0-2: Ground out 6-3 (Groundball, 6M, EV 80.0 MPH)
Bottom of the 3rd over - 0 runs, 0 hits, 0 errors, 0 left on base; Westwood 1 - Ft. Polk South 5
TOP OF THE 4TH
Westwood Sixshooters batting - Pitching for Ft. Polk South Thunder Hawks : LHP Lucas van Halteren
Batting: LHB Derek Kelly 0-0: Foul Ball, location: 2F
0-1: Ball
1-1: Fly out, F7 (Line Drive, 7D, EV 88.1 MPH)
Batting: RHB Eric Landry 0-0: DOUBLE (Flyball, 89XD, EV 110.0 MPH)
Batting: RHB José Flores 0-0: Foul Ball, location: 2F
0-1: Called Strike
0-2: Ball
1-2: Ball
2-2: Foul Ball, location: 2F
2-2: SINGLE (Line Drive, 4MD, EV 98.8 MPH)
Eric Landry to third
Runner from 3rd tries for Home, SAFE, throw by CF to home
Batting: RHB Sterling Massingham 0-0: SINGLE (Flyball, 78S, EV 92.5 MPH)
José Flores to second
Batting: RHB Edmond Hallewell 0-0: Fielders Choice at 2nd, 4-6 (Groundball, 4, EV 84.4 MPH)
José Flores to third
Batting: RHB John Siddall 0-0: SINGLE (Groundball, 6MD, EV 103.8 MPH)
José Flores scores
Edmond Hallewell to second
Batting: LHB Luis Benítez 0-0: Ball
1-0: DOUBLE (Line Drive, 89D, EV 100.6 MPH)
Edmond Hallewell scores
John Siddall to third
Runner from 3rd tries for Home, SAFE, no throw by RF
Batting: RHB Illarion Podmarkov 0-0: Swinging Strike
0-1: Called Strike
0-2: Foul Ball, location: 2F
0-2: Fly out, F8 (Flyball, 8RS, EV 94.4 MPH)
Top of the 4th over - 4 runs, 5 hits, 0 errors, 1 left on base; Westwood 5 - Ft. Polk South 5
BOTTOM OF THE 4TH
Ft. Polk South Thunder Hawks batting - Pitching for Westwood Sixshooters : LHP Joop Els
Batting: RHB Dermott Mann 0-0: Ball
1-0: Ball
2-0: Ball
3-0: Called Strike
3-1: Foul Ball, location: 2F
3-2: Foul Ball, location: 2F
3-2: SINGLE (Groundball, 56D, EV 103.8 MPH)
Batting: RHB Tora Tora 0-0: Called Strike
0-1: Ball
1-1: Ball
2-1: Foul Ball, location: 2F
2-2: Foul Ball, location: 2F
2-2: Ball
3-2: Base on Balls
Dermott Mann to second
Batting: RHB Raúl Colomo 0-0: Foul Ball, location: 2F
0-1: SINGLE (Line Drive, 7S, EV 88.8 MPH)
Dermott Mann to third
Tora Tora to second
Batting: LHB Remco Mastenbroek 0-0: Ball
1-0: Foul Ball, location: 2F
1-1: DOUBLE (Line Drive, 9LD, EV 103.1 MPH)
Dermott Mann scores
Tora Tora scores
Raúl Colomo to third
Batting: LHB Gabriel Obregón 0-0: Called Strike
0-1: Foul Ball, location: 2F
0-2: Ground out U3 (Groundball, 34S, EV 88.1 MPH)
Raúl Colomo scores
Remco Mastenbroek to third
Batting: LHB Jorge Agramunt 0-0: SINGLE (Line Drive, 6D, EV 98.8 MPH)
Remco Mastenbroek scores
Batting: RHB Aubrey Miller 0-0: Foul Ball, location: 2F
0-1: Fly out, F9 (Flyball, 89S, EV 79.4 MPH)
Batting: LHB Tim Carson 0-0: Called Strike
0-1: Fly out, F8 (Flyball, 8LM, EV 89.4 MPH)
Bottom of the 4th over - 4 runs, 4 hits, 0 errors, 1 left on base; Westwood 5 - Ft. Polk South 9
TOP OF THE 5TH
Westwood Sixshooters batting - Pitching for Ft. Polk South Thunder Hawks : LHP Lucas van Halteren
Batting: LHB Rick Kirkham 0-0: Fly out, F9 (Line Drive, 9, EV 96.2 MPH)
Batting: LHB Derek Kelly 0-0: Ball
1-0: Ball
2-0: Called Strike
2-1: Foul Ball, location: 2F
2-2: SINGLE (Flyball, 89S, EV 91.9 MPH)
Pitching: RHP Jeremy Bearimy
Batting: RHB Eric Landry 0-0: Fly out, F9 (Flyball, 89M, EV 88.8 MPH)
Batting: RHB José Flores 0-0: Called Strike
0-1: Called Strike
0-2: Ball
1-2: Ball
2-2: SINGLE (Groundball, 3S, EV 70.6 MPH) (infield hit)
Derek Kelly to second
Batting: RHB Sterling Massingham 0-0: Called Strike
0-1: Ball
1-1: Ball
2-1: DOUBLE (Line Drive, 3D, EV 96.9 MPH)
Derek Kelly scores
José Flores to third
Batting: RHB Edmond Hallewell 0-0: Called Strike
0-1: Ground out U3 (Groundball, 3, EV 84.4 MPH)
Top of the 5th over - 1 run, 3 hits, 0 errors, 2 left on base; Westwood 6 - Ft. Polk South 9
BOTTOM OF THE 5TH
Ft. Polk South Thunder Hawks batting - Pitching for Westwood Sixshooters : LHP Joop Els
Batting: SHB Francisco Daulong 0-0: Ball
1-0: Called Strike
1-1: Ball
2-1: SOLO HOME RUN (Flyball, 78XD, EV 98.8 MPH), Distance : 393 ft
Pitching: RHP Júlio Rosales
Batting: RHB Dermott Mann 0-0: Called Strike
0-1: Swinging Strike
0-2: Ball
1-2: Foul Ball, location: 2F
1-2: Strikes out swinging
Batting: RHB Tora Tora 0-0: Called Strike
0-1: Foul Ball, location: 2F
0-2: Ball
1-2: Ground out 6-3 (Groundball, 56, EV 88.1 MPH)
Batting: RHB Raúl Colomo 0-0: Called Strike
0-1: Called Strike
0-2: Ball
1-2: Ball
2-2: Ball
3-2: Ground out 4-3 (Groundball, 4S, EV 83.8 MPH)
Bottom of the 5th over - 1 run, 1 hit, 0 errors, 0 left on base; Westwood 6 - Ft. Polk South 10
TOP OF THE 6TH
Westwood Sixshooters batting - Pitching for Ft. Polk South Thunder Hawks : RHP Jeremy Bearimy
Batting: RHB John Siddall 0-0: Foul Ball, location: 2F
0-1: Fly out, F8 (Line Drive, 8LD, EV 94.4 MPH)
Batting: LHB Luis Benítez 0-0: Swinging Strike
0-1: Called Strike
0-2: Fly out, F7 (Line Drive, 7D, EV 91.9 MPH)
Batting: RHB Illarion Podmarkov 0-0: Ball
1-0: Called Strike
1-1: Foul Ball, location: 2F
1-2: Ball
2-2: Fly out, F8 (Flyball, 8LXD, EV 83.1 MPH)
Top of the 6th over - 0 runs, 0 hits, 0 errors, 0 left on base; Westwood 6 - Ft. Polk South 10
BOTTOM OF THE 6TH
Ft. Polk South Thunder Hawks batting - Pitching for Westwood Sixshooters : RHP Júlio Rosales
Batting: LHB Remco Mastenbroek 0-0: Ball
1-0: Foul Ball, location: 2F
1-1: Foul Ball, location: 2F
1-2: Foul Ball, location: 2F
1-2: Ball
2-2: Ball
3-2: Ground out 5-3 (Groundball, 5, EV 98.1 MPH)
Batting: LHB Gabriel Obregón 0-0: Ball
1-0: Called Strike
1-1: Ball
2-1: Ball
3-1: Foul Ball, location: 2F
3-2: Base on Balls
Batting: LHB Jorge Agramunt 0-0: Called Strike
Gabriel Obregón steals 2nd base
0-1: Foul Ball, location: 2F
0-2: Ball
1-2: Foul Ball, location: 2F
1-2: Ball
2-2: Fly out, F7 (Flyball, 78D, EV 88.8 MPH)
Batting: RHB Aubrey Miller 0-0: Fly out, F9 (Flyball, 9S, EV 88.1 MPH)
Bottom of the 6th over - 0 runs, 0 hits, 0 errors, 1 left on base; Westwood 6 - Ft. Polk South 10
TOP OF THE 7TH
Westwood Sixshooters batting - Pitching for Ft. Polk South Thunder Hawks : RHP Jeremy Bearimy
Batting: LHB Rick Kirkham 0-0: Ball
1-0: Ball
2-0: Ball
3-0: Base on Balls
Batting: LHB Derek Kelly 0-0: Ball
1-0: Foul Ball, location: 2F
1-1: Called Strike
1-2: Foul Ball, location: 2F
1-2: Foul Ball, location: 2F
1-2: Fly out, F7 (Line Drive, 7, EV 98.1 MPH)
Batting: RHB Eric Landry 0-0: SINGLE (Groundball, 6MD, EV 95.0 MPH)
Rick Kirkham to second
Runner from 2nd tries for 3rd, SAFE, no throw by CF
Batting: RHB José Flores 0-0: Called Strike
0-1: Ball
1-1: Swinging Strike
1-2: Ball
2-2: Strikes out looking
Batting: RHB Sterling Massingham 0-0: Ball
1-0: Foul Ball, location: 2F
1-1: Ball
Passed Ball!
Rick Kirkham scores
Eric Landry to second
2-1: Ball
3-1: Swinging Strike
3-2: Strikes out swinging
Top of the 7th over - 1 run, 1 hit, 0 errors, 1 left on base; Westwood 7 - Ft. Polk South 10
BOTTOM OF THE 7TH
Ft. Polk South Thunder Hawks batting - Pitching for Westwood Sixshooters : RHP Júlio Rosales
Batting: LHB Tim Carson 0-0: Hit by Pitch
Batting: SHB Francisco Daulong 0-0: Ball
1-0: Ball
2-0: Called Strike
2-1: Ball
3-1: Base on Balls
Tim Carson to second
Batting: RHB Dermott Mann 0-0: Called Strike
0-1: Ball
1-1: Ball
2-1: Ball
3-1: Fly out, F3 (Popup, 3S, EV 71.2 MPH)
Batting: RHB Tora Tora 0-0: Ball
1-0: Called Strike
1-1: Foul Ball, location: 2F
1-2: Foul Ball, location: 2F
1-2: Ball
2-2: Ball
3-2: SINGLE (Groundball, 56D, EV 102.5 MPH)
Tim Carson to third
Francisco Daulong to second
Runner from 3rd tries for Home, SAFE, no throw by LF
Pitching: RHP Tynan Brown
Batting: RHB Raúl Colomo 0-0: Ball
1-0: SINGLE (Groundball, 6MD, EV 103.8 MPH)
Francisco Daulong to third
Tora Tora to second
Runner from 3rd tries for Home, SAFE, no throw by CF
Batting: LHB Remco Mastenbroek 0-0: Called Strike
0-1: Called Strike
0-2: SINGLE (Flyball, 8LS, EV 90.0 MPH)
Tora Tora to third
Raúl Colomo to second
Batting: LHB Gabriel Obregón 0-0: Called Strike
0-1: Ball
1-1: Ball
2-1: Ground out 3-1 (Groundball, 3S, EV 85.6 MPH)
Tora Tora scores
Raúl Colomo to third
Remco Mastenbroek to second
Batting: LHB Jorge Agramunt 0-0: Ball
1-0: Ground out U3 (Groundball, 34, EV 99.4 MPH)
Bottom of the 7th over - 3 runs, 3 hits, 0 errors, 2 left on base; Westwood 7 - Ft. Polk South 13
TOP OF THE 8TH
Westwood Sixshooters batting - Pitching for Ft. Polk South Thunder Hawks : RHP Jeremy Bearimy
Batting: RHB Edmond Hallewell 0-0: Called Strike
0-1: Foul Ball, location: 2F
0-2: Ball
1-2: Ball
2-2: Ground out 4-3 (Groundball, 4S, EV 73.8 MPH)
Batting: RHB John Siddall 0-0: Foul Ball, location: 2F
0-1: Ball
1-1: Called Strike
1-2: Ball
2-2: Strikes out looking
Batting: LHB Luis Benítez 0-0: Foul Ball, location: 2F
0-1: Swinging Strike
0-2: Ball
1-2: Fly out, F6 (Popup, 6, EV 65.0 MPH)
Top of the 8th over - 0 runs, 0 hits, 0 errors, 0 left on base; Westwood 7 - Ft. Polk South 13
BOTTOM OF THE 8TH
Ft. Polk South Thunder Hawks batting - Pitching for Westwood Sixshooters : RHP Tynan Brown
Batting: RHB Aubrey Miller 0-0: Called Strike
0-1: Swinging Strike
0-2: Foul Ball, location: 2F
0-2: Strikes out swinging
Batting: LHB Tim Carson 0-0: Ball
1-0: Called Strike
1-1: Foul Ball, location: 2F
1-2: Ball
2-2: Ball
3-2: Strikes out swinging
Batting: SHB Francisco Daulong 0-0: SINGLE (Line Drive, 9LM, EV 103.8 MPH)
Batting: RHB Dermott Mann 0-0: Ball
1-0: Called Strike
1-1: Ball
2-1: Ball
3-1: Called Strike
3-2: Foul Ball, location: 2F
3-2: Base on Balls
Francisco Daulong to second
Batting: RHB Tora Tora 0-0: Ground out 5-3 (Groundball, 56S, EV 88.1 MPH)
Bottom of the 8th over - 0 runs, 1 hit, 0 errors, 2 left on base; Westwood 7 - Ft. Polk South 13
TOP OF THE 9TH
Westwood Sixshooters batting - Pitching for Ft. Polk South Thunder Hawks : RHP Jeremy Bearimy
Batting: RHB Illarion Podmarkov 0-0: Ground out 1-3 (Groundball, 13, EV 67.5 MPH)
Batting: LHB Rick Kirkham 0-0: Foul Ball, location: 2F
0-1: Called Strike
0-2: Ball
1-2: Ball
2-2: Ground out 4-3 (Groundball, 4S, EV 90.6 MPH)
Batting: LHB Derek Kelly 0-0: Foul Ball, location: 2F
0-1: Ball
1-1: Ball
2-1: Foul Ball, location: 2F
2-2: Reached on error, E5 (Groundball, 56, EV 101.2 MPH)
Batting: RHB Eric Landry 0-0: Called Strike
0-1: Foul Ball, location: 2F
0-2: Strikes out swinging
Top of the 9th over - 0 runs, 0 hits, 1 error, 1 left on base; Westwood 7 - Ft. Polk South 13
Friday, March 26th, 2021 - OOTP Baseball 20.8 Build 74